 Dungeon Crawl Stone Soup version 0.17.1-3-g152610e (webtiles) character file.

147 Zhenya25pyc the Covered (level 5, -5/33 HPs)
             Began as a Gargoyle Fighter on Apr 1, 2016.
             Killed by nerve-wracking pain
             ... invoked by Jessica
              (8 damage)
             ... on level 2 of the Dungeon.
             The game lasted 00:04:48 (1075 turns).

Zhenya25pyc the Covered (Gargoyle Fighter)          Turns: 1075, Time: 00:04:48

Health: -5/33      AC: 11    Str: 21    XL:     5   Next: 29%
Magic:  5/5        EV:  7    Int:  8    God:
Gold:   51         SH:  9    Dex:  9    Spells: 0 memorised, 4 levels left

rFire  . . .     SeeInvis .     a - +0 flail
rCold  . . .     Clarity  .     b - +0 scale mail
rNeg   + . .     SustAt   .     c - +0 shield
rPois  ∞         Gourm    .     (no helmet)
rElec  +         Spirit   .     (no cloak)
rCorr  .         Warding  .     (no gloves)
rMut   .         Stasis   .     (no boots)
MR     .....                    (no amulet)
Stlth  ..........               (no ring)
                                (no ring)

@: slowed, very slow, not resistant to hostile enchantments, extremely
unstealthy
A: negative energy resistance 1, electricity resistance, unbreathing,
petrification resistance, rot immunity, AC +4
a: no special abilities


You were on level 2 of the Dungeon.
You were very hungry.

You visited 1 branch of the dungeon, and saw 2 of its levels.

You collected 51 gold pieces.

Inventory:

Hand Weapons
 a - a +0 flail (weapon)
Armour
 b - a +0 scale mail (worn)
 c - a +0 shield (worn)
Wands
 l - a wand of random effects (29)
Scrolls
 g - a scroll of teleportation {unknown}
 i - a scroll of blinking {unknown}
 j - a scroll of identify {unknown}
 k - a scroll of enchant weapon {unknown}
 m - a scroll of immolation {unknown}
Potions
 d - a potion of might
 f - a potion of agility {unknown}
 h - a potion of resistance
Comestibles
 e - a bread ration
 n - a meat ration


   Skills:
 + Level 4.2 Fighting
 * Level 3.6 Maces & Flails
 + Level 4.5 Armour
 - Level 3.2 Shields


You had 4 spell levels left.
You didn't know any spells.

Dungeon Overview and Level Annotations

Branches:
Dungeon (2/15)

Altars:
Okawaru

Annotations:
D:2 Jessica


Innate Abilities, Weirdness & Mutations

You are resistant to torment.
Your stone body is resilient (AC +4).
You are immune to poison.
You resist negative energy.
You are resistant to electric shocks.
You can survive without breathing.
You are immune to petrification.
You are immune to rotting.


Message History

The jackal bites you but does no damage.
Jessica mumbles some strange words.
Jessica seems to speed up.
You block the jackal's attack.
You closely miss Jessica.
Jessica is almost dead.
You are feeling very hungry.
Jessica gestures wildly while chanting.
Jessica blinks!
The jackal bites you but does no damage.
The jackal closely misses you.
You thump the jackal!
You kill the jackal!
Jessica points at you and mumbles some strange words.
Pain shoots through your body!
* * * LOW HITPOINT WARNING * * *
Jessica gestures at you while chanting.
You feel yourself slow down. Jessica casts a spell at you.
Pain shoots through your body!
You die...

..........## # ...
#..... .###.
#.###..######## .....#
#.##†.........###
#....##).....######...#
......)(.......# ###.#
###.#.†.†......# #.##
#..........### #.##
....#..@###### #..#
######.@# ##.. ##.. ###
#..# # #..# ## ##.#
####. .. ##.... ..
#..... #.....


You could see Jessica.

Vanquished Creatures
  Ijyb (D:2)
  Natasha (twice) (D:2)
  A gnoll (D:1)
  3 adders (D:2)
  A worm (D:2)
  4 giant geckos
  2 bats (D:2)
  6 goblins
  8 hobgoblins
  3 jackals (D:2)
  6 kobolds
  A ball python (D:1)
  2 giant newts
  4 rats
44 creatures vanquished.

Notes
Turn   | Place    | Note
--------------------------------------------------------------
     0 | D:1      | Zhenya25pyc the Gargoyle Fighter began the quest for the Orb.
     0 | D:1      | Reached XP level 1. HP: 14/14 MP: 1/1
    63 | D:1      | Reached XP level 2. HP: 14/19 MP: 2/2
   452 | D:1      | Reached XP level 3. HP: 23/23 MP: 3/3
   608 | D:2      | Noticed Natasha
   615 | D:2      | Killed Natasha
   615 | D:2      | Reached skill level 4 in Armour
   615 | D:2      | Reached XP level 4. HP: 27/29 MP: 4/4
   729 | D:2      | Noticed Natasha
   735 | D:2      | Killed Natasha
   893 | D:2      | Noticed Ijyb
   919 | D:2      | Killed Ijyb
   919 | D:2      | Reached XP level 5. HP: 33/33 MP: 5/5
  1020 | D:2      | Found an iron altar of Okawaru.
  1054 | D:2      | Noticed Jessica
  1075 | D:2      | Killed from afar by Jessica

Action                   |  1- 3 |  4- 6 || total
-------------------------+-------+-------++-------
Melee: Flail             |    65 |   113 ||   178
